 Dungeon Crawl Stone Soup version 0.31.0-11-ge490571c62 (webtiles) character file.

Game seed: 15384882690823013653

765 qw the Skirmisher (level 7, -2/40 HPs)
             Began as a Deep Elf Hunter on Feb 3, 2024.
             Was a Follower of Okawaru.
             Slain by a gnoll
             ... wielding a +0 spear
              (6 damage)
             ... on level 5 of the Dungeon.
             The game lasted 00:00:25 (4098 turns).

qw the Skirmisher (Deep Elf Hunter)                 Turns: 4098, Time: 00:00:25

Health: -2/40      AC:  5    Str: 10    XL:     7   Next: 52%
Magic:  10/10      EV: 13    Int: 14    God:    Okawaru [*.....]
Gold:   295        SH:  0    Dex: 18    Spells: 6/6 levels left

rFire   + + .        a - +0 shortbow
rCold   . . .        (shield currently unavailable)
rNeg    + . .        f - +0 leather armour "Etwiodo" {rElec rF+}
rPois   .            (no helmet)
rElec   +            (no cloak)
rCorr   +            k - +0 pair of gloves
SInv    .            b - +0 pair of boots
Will    .....        m - amulet of the Death Scarab {Reflect -Cast rF+ rN+ rCorr SH+5}
Stlth   +            (no ring)
HPRegen 0.26/turn    (no ring)
MPRegen 0.12/turn

%: no spellcasting, reflection
@: confused, on fire, glowing
A: no striking features
a: Renounce Religion, Heroism


You were on level 5 of the Dungeon.
You worshipped Okawaru.
Okawaru was aware of your devotion.
You visited 2 branches of the dungeon, and saw 6 of its levels.

You collected 295 gold pieces.


   Skills:
 - Level 2.0 Fighting
 + Level 11.1 Ranged Weapons
 - Level 4.2 Dodging
 - Level 1.2 Stealth
 + Level 1.7 Invocations


You had 6 spell levels left.
You didn't know any spells.
Your spell library was empty.

Inventory:

Hand Weapons
 a - a +0 shortbow (weapon)
Armour
 b - a +0 pair of boots (worn)
 f - the +0 leather armour "Etwiodo" (worn) {rElec rF+}
   (You found it on level 2 of the Dungeon)

   rF+:       It protects you from fire.
   rElec:     It insulates you from electricity.
 k - a +0 pair of gloves (worn)
 l - a +0 ring mail
Jewellery
 j - a ring of fire
 m - the amulet of the Death Scarab (around neck) {Reflect -Cast rF+ rN+ rCorr SH+5}
   (You acquired it on level 4 of the Dungeon)

   [amulet of reflection]

   Reflect:   It reflects blocked missile attacks.
   rF+:       It protects you from fire.
   rN+:       It protects you from negative energy.
   -Cast:     It prevents spellcasting.
   rCorr:     It protects you from acid and corrosion.
   SH+5:      It affects your SH (+5).
Wands
 i - a wand of digging (7)
Scrolls
 n - a scroll of teleportation
Potions
 c - a potion of enlightenment
 d - a potion of heal wounds {unknown}
 g - a potion of resistance {unknown}
 h - a potion of might {unknown}
 o - a potion of attraction {unknown}

Dungeon Overview and Level Annotations

Branches:
Dungeon (5/15)             Temple (1/1) D:4

Altars:
Ashenzari
Cheibriados
Dithmenos
Elyvilon
Fedhas
Gozag
Hepliaklqana
Nemelex Xobeh
Okawaru
Ru
Sif Muna
Trog
Uskayaw
Vehumet
Wu Jian
Xom
Yredelemnul
Zin
The Shining One

Annotations:
D:1 1 transporter


Message History

The bombardier beetle is heavily wounded.
The gnoll closely misses you.
You shoot an arrow. The arrow hits the bombardier beetle!
The bombardier beetle is almost dead.
You block the orc wizard's attack.
You shoot an arrow. The arrow hits the bombardier beetle.
The bombardier beetle is almost dead.
The gnoll hits you from afar with a +0 spear.
The orc wizard casts a spell at you.
You are confused.
The bombardier beetle sprays incendiary fluid at you.
The burning spray misses you.
The burning spray misses the orc wizard.
The gnoll misses you.
The orc wizard hits you but does no damage.
The gnoll hits you but does no damage.
The orc wizard hits you but does no damage.
The bombardier beetle sprays incendiary fluid at you.
The burning spray hits you.
You are covered in liquid fire!
The liquid fire burns you!
The gnoll hits you from afar with a +0 spear.
The orc wizard hits you with a +0 dagger.
The bombardier beetle sprays incendiary fluid at you.
The burning spray hits you.
You are even more covered in liquid fire!
The liquid fire burns you! The gnoll closely misses you.
The orc wizard gestures at you while chanting.
You are more confused.
The liquid fire burns you!
The gnoll hits you from afar with a +0 spear.
The orc wizard hits you with a +0 dagger.
The bombardier beetle bites you but does no damage.
The liquid fire burns you!
The gnoll hits you from afar with a +0 spear!
The orc wizard hits you but does no damage.
The liquid fire burns you!
The gnoll hits you from afar with a +0 spear.
You die...

#.......#.# #.)# #.......
#...!...#.# #..# #.......
........#.# #..# #.......
...)......# #..###.......
..##......# #...##.......
..........# #)#.##......#
##........######'#.........#
#.......g##.......##......#
..........B@o......##.......
.)###....###.......##..#####
..#.#....# #.......##...####
###.###..# #.......##.#.>...
#.. #.## #####......##.###
#. ###......##'## ..
......)...#...## .#
......####.#...#. ......#
#.#...#.


You could see a bombardier beetle, an orc wizard and a gnoll.

Vanquished Creatures
  2 ogres (D:4)
  A phantom (D:5)
  A howler monkey (D:4)
  A bombardier beetle (D:5)
  A gnoll bouda (D:5)
  2 orc priests
  2 iguanas
  4 orc wizards
  6 adders
  7 gnolls (D:5)
  3 ribbon worms (D:3)
  3 dart slugs
  10 orcs
  3 endoplasms
  A giant cockroach (D:1)
  6 goblins
  6 hobgoblins
  5 jackals
  4 quokkas
  6 ball pythons
  6 bats
  6 frilled lizards
  5 kobolds
  3 rats
94 creatures vanquished.

Notes
Turn   | Place    | Note
-------+----------+-------------------------------------------
     0 | D:1      | qw the Deep Elf Hunter began the quest for the Orb.
     0 | D:1      | Reached XP level 1. HP: 12/12 MP: 3/3
     0 | D:1      | 0 ||| qw: Version: 0.3-a-157-g843a77d
     0 | D:1      | 0 ||| qw: Game counter: 3637
     0 | D:1      | 0 ||| qw: Melee chars always use a shield: true
     0 | D:1      | 0 ||| qw: God list: Okawaru
     0 | D:1      | 0 ||| qw: Allow faded altars: false
     0 | D:1      | 0 ||| qw: Do Orc after clearing Dungeon:15 true
     0 | D:1      | 0 ||| qw: Do second Lair branch before Depths: true
     0 | D:1      | 0 ||| qw: Lair rune preference: random
     0 | D:1      | 0 ||| qw: Goals: Normal
     0 | D:1      | 0 ||| PLANNING D:1-11
    52 | D:1      | Reached skill level 6 in Ranged Weapons
    52 | D:1      | Reached XP level 2. HP: 16/16 MP: 4/4
   453 | D:1      | 453 ||| READING scroll labelled MACWOG MUFFEIC.
   454 | D:1      | 454 ||| READING scroll labelled HIPLA CAOSUEQASY.
   455 | D:1      | 455 ||| READING scroll labelled MALO PULYFO.
   455 | D:1      | 455 ||| IDENTIFYING coppery potion
   456 | D:1      | 456 ||| READING scroll labelled LOTUEB LEANG.
   457 | D:1      | 457 ||| DROPPING scroll of butterflies.
   458 | D:1      | 458 ||| DROPPING potion of degeneration.
   520 | D:2      | Reached XP level 3. HP: 20/20 MP: 5/5
   562 | D:2      | Identified the +0 leather armour "Etwiodo" {rElec rF+}
   565 | D:2      | Reached skill level 7 in Ranged Weapons
   606 | D:2      | Found a white marble altar of Elyvilon.
   832 | D:2      | 832 ||| UPGRADING to +0 pair of boots.
   837 | D:2      | 837 ||| UPGRADING to +0 leather armour "Etwiodo" {rElec
                  | rF+}.
   847 | D:2      | 847 ||| DROPPING +0 leather armour.
   848 | D:2      | 848 ||| READING scroll labelled AVUOMI AXUTO.
   850 | D:2      | 850 ||| Stepping ~*~*~tactically~*~*~ (cloud).
  1019 | D:3      | Found a faded altar of an unknown god.
  1088 | D:3      | Reached XP level 4. HP: 18/25 MP: 6/6
  1197 | D:3      | 1197 ||| FLEEEEING.
  1226 | D:3      | Reached skill level 8 in Ranged Weapons
  1767 | D:3      | Reached XP level 5. HP: 29/29 MP: 7/7
  1937 | D:3      | 1937 ||| UPGRADING to +0 pair of gloves.
  1942 | D:3      | 1942 ||| READING scroll labelled ESONAP LOARRUE.
  1943 | D:3      | 1943 ||| READING scroll labelled WEOKEA SYELIK.
  2044 | D:3      | 2044 ||| READING scroll labelled KEGISI ICIXT.
  2045 | D:3      | 2045 ||| DRINKING 2 bubbling inky potions.
  2090 | D:4      | Noticed an ogre
  2097 | D:4      | Killed an ogre
  2098 | D:4      | Reached skill level 9 in Ranged Weapons
  2220 | D:4      | Noticed an ogre
  2227 | D:4      | Killed an ogre
  2228 | D:4      | Reached skill level 3 in Dodging
  2228 | D:4      | Reached XP level 6. HP: 34/34 MP: 8/8
  2359 | D:4      | Found a staircase to the Ecumenical Temple.
  2360 | D:4      | 2360 ||| PLANNING TEMPLE
  2360 | D:4      | 2360 ||| READING scroll of identify.
  2360 | D:4      | 2360 ||| IDENTIFYING golden potion
  2361 | D:4      | 2361 ||| READING scroll labelled DUMME QAWKUNOX.
  2383 | Temple   | Entered the Ecumenical Temple
  2384 | Temple   | 2384 ||| PLANNING OKAWARU WORSHIP
  2401 | Temple   | Became a worshipper of Warmaster Okawaru
  2402 | Temple   | 2402 ||| PLANNING D:1-11
  3003 | D:4      | 3003 ||| READING scroll labelled AKHISCH GU WENWA.
  3004 | D:4      | 3004 ||| READING scroll labelled ALAX BAC ARPH.
  3004 | D:4      | Identified a scroll of acquirement
  3004 | D:4      | 3004 ||| ACQUIRING amulet of the Death Scarab {Reflect
                  | -Cast rF+ rN+ rCorr SH+5}
  3004 | D:4      | Acquired the amulet of the Death Scarab {Reflect -Cast rF+
                  | rN+ rCorr SH+5}
  3006 | D:4      | 3006 ||| UPGRADING to amulet of the Death Scarab {Reflect
                  | -Cast rF+ rN+ rCorr SH+5}.
  3026 | D:5      | Entered Level 5 of the Dungeon
  3044 | D:5      | Reached skill level 10 in Ranged Weapons
  3097 | D:5      | 3097 ||| RETREEEEATING.
  3109 | D:5      | Reached XP level 7. HP: 22/40 MP: 9/9
  3125 | D:5      | HP: 8/40 [gnoll/+0 spear[a gnoll bouda] (6)]
  3128 | D:5      | 3128 ||| FLEEEEING.
  3129 | D:5      | 3129 ||| FLEEEEING.
  3130 | D:5      | 3130 ||| FLEEEEING.
  3131 | D:5      | 3131 ||| FLEEEEING.
  3132 | D:5      | 3132 ||| FLEEEEING.
  3133 | D:5      | 3133 ||| FLEEEEING.
  3134 | D:5      | 3134 ||| FLEEEEING.
  3135 | D:5      | 3135 ||| FLEEEEING.
  3136 | D:5      | 3136 ||| FLEEEEING.
  3137 | D:5      | 3137 ||| FLEEEEING.
  3138 | D:5      | 3138 ||| FLEEEEING.
  3139 | D:5      | 3139 ||| FLEEEEING.
  3140 | D:5      | 3140 ||| FLEEEEING.
  3141 | D:5      | 3141 ||| FLEEEEING.
  3142 | D:5      | 3142 ||| FLEEEEING.
  3143 | D:5      | 3143 ||| FLEEEEING.
  3144 | D:5      | 3144 ||| FLEEEEING.
  3145 | D:5      | 3145 ||| FLEEEEING.
  3146 | D:5      | 3146 ||| FLEEEEING.
  3147 | D:5      | 3147 ||| FLEEEEING.
  3148 | D:5      | 3148 ||| FLEEEEING.
  3149 | D:5      | 3149 ||| FLEEEEING.
  3150 | D:5      | 3150 ||| FLEEEEING.
  3151 | D:5      | 3151 ||| FLEEEEING.
  3152 | D:5      | 3152 ||| FLEEEEING.
  3153 | D:5      | 3153 ||| FLEEEEING.
  3154 | D:5      | 3154 ||| FLEEEEING.
  3155 | D:5      | 3155 ||| FLEEEEING.
  3156 | D:5      | 3156 ||| FLEEEEING.
  3157 | D:5      | 3157 ||| STAIRDANCE
  3458 | D:5      | 3458 ||| FLEEEEING.
  3459 | D:5      | 3459 ||| FLEEEEING.
  3460 | D:5      | 3460 ||| FLEEEEING.
  3461 | D:5      | 3461 ||| FLEEEEING.
  3462 | D:5      | 3462 ||| FLEEEEING.
  3463 | D:5      | 3463 ||| FLEEEEING.
  3465 | D:5      | 3465 ||| FLEEEEING.
  3466 | D:5      | 3466 ||| FLEEEEING.
  3467 | D:5      | 3467 ||| FLEEEEING.
  3468 | D:5      | 3468 ||| FLEEEEING.
  3469 | D:5      | 3469 ||| FLEEEEING.
  3470 | D:5      | 3470 ||| FLEEEEING.
  3471 | D:5      | 3471 ||| FLEEEEING.
  3472 | D:5      | 3472 ||| FLEEEEING.
  3473 | D:5      | 3473 ||| FLEEEEING.
  3474 | D:5      | 3474 ||| FLEEEEING.
  3476 | D:5      | 3476 ||| FLEEEEING.
  3477 | D:5      | 3477 ||| FLEEEEING.
  3478 | D:5      | 3478 ||| FLEEEEING.
  3479 | D:5      | 3479 ||| FLEEEEING.
  3480 | D:5      | 3480 ||| FLEEEEING.
  3481 | D:5      | 3481 ||| FLEEEEING.
  3482 | D:5      | 3482 ||| FLEEEEING.
  3483 | D:5      | 3483 ||| FLEEEEING.
  3484 | D:5      | 3484 ||| FLEEEEING.
  3485 | D:5      | 3485 ||| FLEEEEING.
  3486 | D:5      | 3486 ||| FLEEEEING.
  3487 | D:5      | 3487 ||| FLEEEEING.
  3488 | D:5      | 3488 ||| FLEEEEING.
  3489 | D:5      | 3489 ||| FLEEEEING.
  3490 | D:5      | 3490 ||| FLEEEEING.
  3491 | D:5      | 3491 ||| FLEEEEING.
  3492 | D:5      | 3492 ||| FLEEEEING.
  3493 | D:5      | 3493 ||| FLEEEEING.
  3494 | D:5      | 3494 ||| FLEEEEING.
  3495 | D:5      | 3495 ||| FLEEEEING.
  3497 | D:5      | 3497 ||| FLEEEEING.
  3498 | D:5      | 3498 ||| FLEEEEING.
  3499 | D:5      | 3499 ||| FLEEEEING.
  3500 | D:5      | 3500 ||| FLEEEEING.
  3501 | D:5      | 3501 ||| FLEEEEING.
  3502 | D:5      | 3502 ||| FLEEEEING.
  3503 | D:5      | 3503 ||| FLEEEEING.
  3504 | D:5      | 3504 ||| FLEEEEING.
  3505 | D:5      | 3505 ||| FLEEEEING.
  3506 | D:5      | 3506 ||| FLEEEEING.
  3507 | D:5      | 3507 ||| FLEEEEING.
  3508 | D:5      | 3508 ||| FLEEEEING.
  3509 | D:5      | 3509 ||| FLEEEEING.
  3510 | D:5      | 3510 ||| FLEEEEING.
  3511 | D:5      | 3511 ||| FLEEEEING.
  3512 | D:5      | 3512 ||| FLEEEEING.
  3513 | D:5      | 3513 ||| FLEEEEING.
  3514 | D:5      | 3514 ||| FLEEEEING.
  3515 | D:5      | 3515 ||| FLEEEEING.
  3516 | D:5      | 3516 ||| FLEEEEING.
  3517 | D:5      | 3517 ||| FLEEEEING.
  3518 | D:5      | 3518 ||| FLEEEEING.
  3519 | D:5      | 3519 ||| STAIRDANCE
  3566 | D:5      | 3566 ||| STAIRDANCE
  3621 | D:5      | Reached * piety under Okawaru
  3716 | D:5      | Identified the +4 short sword of Gofeyj {freeze, +Blink
                  | Stlth+}
  3980 | D:5      | 3980 ||| DRINKING potion of curing.
  3980 | D:5      | 3980 ||| (to cure confusion)
  4046 | D:5      | Reached skill level 11 in Ranged Weapons
  4046 | D:5      | Reached skill level 1 in Invocations
  4070 | D:5      | 4070 ||| RETREEEEATING.
  4071 | D:5      | 4071 ||| RETREEEEATING.
  4072 | D:5      | 4072 ||| RETREEEEATING.
  4073 | D:5      | 4073 ||| RETREEEEATING.
  4097 | D:5      | HP: 5/40 [gnoll/+0 spear (8)]
  4098 | D:5      | Slain by a gnoll

Levels and vault maps discovered:
D:1:      spicycebolla_arrival_risky_transporter, layout_rooms
D:2:      layout_rooms, basic_altar
D:3:      layout_basic, ebering_ecumenical_altar_petrified,
          minmay_fractal_squares_gapless_5
D:4:      layout_basic, temple_green
D:5:      layout_basic, minmay_a_box_with_orc_wizards_in_it
Temple:   hellmonk_temple_of_storms

Skill      XL: |  1  2  3  4  5  6  7 |
---------------+----------------------+-----
Ranged Weapons | 6 7 8 9 10 11 | 11.1
Dodging        | 3 4 |  4.2
Fighting       | 2 |  2.0
Invocations    | 1 |  1.7
Stealth        | |  1.2

Action                     |  1- 3 |  4- 6 |  7- 9 || total
---------------------------+-------+-------+-------++-------
   Fire: Shortbow          |   120 |   178 |   116 ||   414
    Use: Scroll            |     5 |     7 |       ||    12
         Potion            |       |     1 |     1 ||     2
 Armour: Leather armour    |    12 |    45 |    32 ||    89
  Dodge: Dodged            |    19 |    54 |    37 ||   110
  Block: Other             |       |     3 |     7 ||    10

Table legend:
 A = Non-vault XP
 B = Vault XP
 C = Vault XP percentage of total XP
 D = Non-vault monster count
 E = Vault monster count
 F = Vault count percentage of total count
                 A         B        C        D         E       F
            +---------+---------+-------+---------+---------+-------
      Total |     979 |     115 |  10.5 |      87 |       7 |   7.4
            +---------+---------+-------+---------+---------+-------
        D:1 |      35 |       0 |   0.0 |      19 |       0 |   0.0
        D:2 |      40 |       0 |   0.0 |      15 |       0 |   0.0
        D:3 |     115 |      10 |   8.0 |      22 |       4 |  15.4
        D:4 |     394 |       0 |   0.0 |      14 |       0 |   0.0
        D:5 |     395 |     105 |  21.0 |      17 |       3 |  15.0
            +---------+---------+-------+---------+---------+-------
